 Dungeon Crawl Stone Soup version 0.25.1-2-g60ff931df9 (webtiles) character file.

Game seed: 15648436723421216078

121 LunaMoon the Cudgeler (level 5, -3/51 HPs)
             Began as a Naga Monk on Nov 4, 2020.
             Killed by nerve-wracking pain
             ... invoked by Grinder
              (5 damage)
             ... on level 3 of the Dungeon.
             The game lasted 00:09:56 (1759 turns).

LunaMoon the Cudgeler (Naga Monk)                   Turns: 1759, Time: 00:09:56

Health: -3/51      AC:  0    Str: 14    XL:     5   Next: 5%
Magic:  5/5        EV: 15    Int: 10    God:
Gold:   132        SH:  0    Dex: 14    Spells: 4/4 levels left

rFire    . . .     SeeInvis +   (weapon currently unavailable)
rCold    . . .     Gourm    .   (shield currently unavailable)
rNeg     . . .     Faith    .   (armour currently unavailable)
rPois    .         Spirit   .   (helmet currently unavailable)
rElec    .         Reflect  .   (cloak currently unavailable)
rCorr    .         Harm     .   (gloves currently unavailable)
MR       .....                  (no barding)
Stlth    ++........             (no amulet)
HPRegen  0.17/turn              (ring currently unavailable)
MPRegen  0.09/turn              (ring currently unavailable)

@: pig-form, stab, very quick
A: small, see invisible, slow metabolism 1, spit poison 1, AC +1
a: Spit Poison


You were on level 3 of the Dungeon.
You were not hungry.
You were a filthy swine.
You visited 1 branch of the dungeon, and saw 3 of its levels.

You collected 132 gold pieces.

Inventory:

Hand Weapons
 a - a +0 mace (melded)
Armour
 b - a +0 robe (melded)
Scrolls
 e - a scroll of magic mapping
 f - a scroll of enchant armour {unknown}
 i - 2 scrolls of teleportation {unknown}
 j - 3 scrolls of identify {unknown}
Comestibles
 c - 6 rations
 k - 4 chunks of flesh


   Skills:
 + Level 4.4 Fighting
 + Level 4.4 Maces & Flails
 - Level 2.4 Dodging
 - Level 3.0 Stealth


You had 4 spell levels left.
You didn't know any spells.
Your spell library was empty.

Dungeon Overview and Level Annotations

Branches:
Dungeon (3/15)

Altars:
Dithmenos
Elyvilon
Fedhas

Annotations:
D:2 Sigmund
D:3 Grinder


Innate Abilities, Weirdness & Mutations

You cannot wear boots.
((Your serpentine skin is tough. (AC +1)))
You have supernaturally acute eyesight. (SInv)
((Armour fits poorly on your strangely shaped body.))
((Your system is resistant to poisons. (rPois)))
((You cover ground very slowly.))
You have a slow metabolism.
You can spit poison.


Message History

It was a potion of stabbing.
You feel ready to backstab.
You have got your breath back.
Grinder gestures at you. Pain shoots through your body!
* * * LOW HITPOINT WARNING * * *
It was a potion of lignification.
You feel woody for a moment. Grinder gestures at you.
You struggle to resist.
As you read the scroll labeled TODUTO RIPNIPHI, it crumbles to dust.
You hear a loud clanging noise!
It was a scroll of noise.
You hear a shout!
Grinder hits you.
* * * LOW HITPOINT WARNING * * *
As you read the scroll labeled LYKIRA PI FOL JUU, it crumbles to dust.
You feel aware of your surroundings.
It was a scroll of magic mapping.
Grinder gestures at you. Pain shoots through your body!
You die...

,,,,*,* *,* *,*
,,*#*,* **,* *,*
*,.##.# *,,* *,*
#.....# *,** *,*
...#*,* *,* *,*
####*,***#.#######
*,* *,,,,...!....#
*,* ******,****#5#
*,* *,* #h# *,* *,*
#.#####****,*
#.#####.##..,,,,,,*
#.....[..#.#*******
#######..#.##
#...#.## # #..###.#
# ##..#..# #
#.#.#.#**********


You could see Grinder.

Vanquished Creatures
  5 gnolls
  An adder (D:2)
  2 oozes (D:1)
  A leopard gecko (D:1)
  2 orcs (D:3)
  5 bats
  6 giant cockroaches
  4 goblins
  7 hobgoblins
  3 jackals (D:2)
  3 quokkas
  5 frilled lizards (D:1)
  4 kobolds
  6 rats
54 creatures vanquished.

Notes
Turn   | Place    | Note
-------+----------+-------------------------------------------
     0 | D:1      | LunaMoon the Naga Monk began the quest for the Orb.
     0 | D:1      | Reached XP level 1. HP: 21/21 MP: 1/1
   190 | D:1      | Reached XP level 2. HP: 28/28 MP: 2/2
   289 | D:1      | Reached XP level 3. HP: 22/34 MP: 3/3
   785 | D:2      | Noticed Sigmund
   859 | D:2      | Reached XP level 4. HP: 21/44 MP: 4/4
  1065 | D:2      | Found a blossoming altar of Fedhas.
  1152 | D:2      | You fall into a shaft and drop 1 floor!
  1298 | D:2      | Found a white marble altar of Elyvilon.
  1565 | D:3      | Found a shadowy altar of Dithmenos.
  1577 | D:3      | Reached XP level 5. HP: 47/51 MP: 5/5
  1739 | D:3      | Noticed Grinder
  1753 | D:3      | Paralysed by Grinder for 2 turns
  1754 | D:3      | HP: 2/51 [Grinder/nerve-wracking pain (5)]
  1759 | D:3      | Killed from afar by Grinder

Illustrated notes

Levels and vault maps discovered:
D:1:      nicolae_arrival_memento_mori, layout_rooms
D:2:      layout_rooms, elyvilon_altar_3, first_ration, fedhas_ov_isle_minmay,
          uniq_sigmund
D:3:      layout_loops_ring, nicolae_dithmenos_shadow_blocks, uniq_grinder

Skill      XL: |  1  2  3 |
---------------+----------+-----
Fighting       | 4 |  4.4
Maces & Flails | 4 |  4.4
Dodging        | |  2.4
Stealth        | |  3.0

Action                   |  1- 3 |  4- 6 || total
-------------------------+-------+-------++-------
Melee: Mace              |    59 |    53 ||   112
 Abil: Spit Poison       |    31 |    14 ||    45
  Use: Scroll            |     2 |     2 ||     4
       Potion            |       |     4 ||     4
  Eat: Chunk             |       |     4 ||     4
Armor: Robe              |    17 |    17 ||    34
Dodge: Dodged            |    45 |    33 ||    78
